 Dungeon Crawl Stone Soup version 0.31-a0-590-g8a5a4361df (webtiles) character file.

Game seed: 10672602089138561354

212838 bobarctor the Eternal Night (level 18, -4/140 HPs)
             Began as a Demonspawn Monk on Aug 14, 2023.
             Was the Champion of Dithmenos.
             Slain by a shard shrike (13 damage)
             ... in an ice cave on Aug 20, 2023.
             The game lasted 04:17:30 (40413 turns).

bobarctor the Eternal Night (Demonspawn Monk)      Turns: 40413, Time: 04:17:30

Health: -4/140     AC: 12    Str: 18      XL:     18   Next: 25%
Magic:  25/36      EV: 23    Int: 21 (22) God:    Dithmenos [******]
Gold:   205        SH:  0    Dex: 28      Spells: 2/46 levels left

rFire   + + .        O - +11 mace of a Million Friars {heavy, Fly Str+3 Int+2 Dex+2}
rCold   + + .        q - orb {mayhem}
rNeg    . . .        i - +1 troll leather armour
rPois   +            w - +2 hat {Will+}
rElec   +            X - +2 cloak of Honour {rF+ Regen+ Str+3 Dex-2}
rCorr   .            a - +2 pair of gloves
SInv    .            (boots unavailable)
Will    ++...        m - amulet of regeneration Stlth ****++++++
                     u - ring of Etepa {rElec rPois rC++ Int+3 Stlth+}
HPRegen 2.83/turn    b - +6 ring of dexterity
MPRegen 0.25/turn

%: mayhem, clarity
@: wereblooded, animating dead, flying, wreathed by umbra, studying Stealth
A: hooves 3, thin skeletal structure 2, ignite blood 1, demonic magic 1,
bedeviling, clarity, fire resistance 1
}: 1/15 runes: serpentine
a: Renounce Religion, Shadow Step, Shadow Form


You were in an ice cave.
You worshipped Dithmenos.
Dithmenos was exalted by your worship.
You visited 8 branches of the dungeon, and saw 33 of its levels.
You also visited: Bailey and Ice Cave.

You collected 3404 gold pieces.
You spent 3199 gold pieces at shops.

Inventory:

Hand Weapons
 o - a +0 eveningstar of freezing
 z - the +3 whip of Pokh {speed, Str-5 Dex+9}
   (You found it on level 2 of the Lair of Beasts)

   Str-5:     It affects your strength (-5).
   Dex+9:     It affects your dexterity (+9).
 O - the +11 mace of a Million Friars (weapon) {heavy, Fly Str+3 Int+2 Dex+2}
   (You found it on level 5 of the Lair of Beasts)

   Str+3:     It affects your strength (+3).
   Int+2:     It affects your intelligence (+2).
   Dex+2:     It affects your dexterity (+2).
   Fly:       It grants you flight.
 Y - a +2 shortbow of freezing
Missiles
 k - 4 javelins
 x - 35 boomerangs (quivered)
 B - 49 poisoned darts
 M - 4 throwing nets
 N - 10 atropa-tipped darts
Armour
 a - a +2 pair of gloves (worn)
 i - a +1 troll leather armour (worn)
 p - a +2 tower shield of cold resistance
 q - an orb of mayhem (worn)
 w - a +2 hat of willpower (worn)
 X - the +2 cloak of Honour (worn) {rF+ Regen+ Str+3 Dex-2}
   (You bought it in a shop on level 4 of the Dungeon)

   Str+3:     It affects your strength (+3).
   Dex-2:     It affects your dexterity (-2).
   rF+:       It protects you from fire.
   Regen+:    It increases your rate of health regeneration.
Jewellery
 b - a +6 ring of dexterity (right hand)
 l - a +5 ring of evasion
 m - an amulet of regeneration (around neck)
 s - an amulet of reflection
 u - the ring of Etepa (left hand) {rElec rPois rC++ Int+3 Stlth+}
   (You bought it in a shop on level 2 of the Orcish Mines)

   [ring of poison resistance]

   Int+3:     It affects your intelligence (+3).
   rC++:      It greatly protects you from cold.
   rElec:     It insulates you from electricity.
   rPois:     It protects you from poison Stlth+: It makes you more stealthy.
Wands
 r - a wand of paralysis (21)
 y - a wand of roots (41)
 C - a wand of digging (20)
 L - a wand of flame (47)
 W - a wand of mindburst (20)
Scrolls
 d - 2 scrolls of teleportation
 h - 22 scrolls of identify
 v - a scroll of poison
 F - 2 scrolls of butterflies
 H - a scroll of silence
 J - 2 scrolls of fog
 U - 3 scrolls of fear
Potions
 c - 2 potions of ambrosia
 e - 5 potions of haste
 f - 3 potions of resistance
 g - 4 potions of magic
 j - 5 potions of enlightenment
 n - 13 potions of curing
 E - 4 potions of might
 K - a potion of invisibility
 R - 3 potions of brilliance


   Skills:
 + Level 12.0 Fighting
 * Level 12.0 Maces & Flails
 - Level 4.0 Armour
 + Level 11.0 Dodging
 * Level 9.0 Stealth
 + Level 2.2 Shields
 * Level 14.8 Spellcasting
 + Level 5.8 Conjurations
 + Level 5.9 Hexes
 + Level 8.2 Necromancy
 + Level 5.0 Translocations
 + Level 3.6 Transmutations
 + Level 6.0 Fire Magic
 + Level 3.9 Ice Magic
 * Level 7.3 Earth Magic
 + Level 15.7 Invocations


You had 2 spell levels left.
You knew the following spells:

 Your Spells              Type           Power      Damage    Failure   Level
a - Dazzling Flash        Conj/Hex       100%       N/A       1%          3
b - Volatile Blastmotes   Fire/Tloc      76%        2d16      1%          3
c - Wereblood             Tmut           30%        N/A       1%          2
d - Animate Dead          Necr           50%        N/A       1%          4
e - Ignite Poison         Fire/Tmut/Pois 29%        N/A       3%          3
f - Sticky Flame          Conj/Fire      40%        2d6       4%          4
g - Iskenderun's Battles  Conj           39%        2d9       12%         5
h - Frozen Ramparts       Ice            62%        1d10      2%          3
i - Borgnjor's Vile Clut  Necr/Erth      24%        N/A       5%          5
j - Inner Flame           Hex/Fire       57%        N/A       1%          3
k - Anguish               Hex/Necr       30%        N/A       2%          4
l - Magic Dart            Conj           100%       1d8       1%          1
m - Dispel Undead         Necr           50%        3d19      1%          4

Your spell library contained the following spells:

 Spells                   Type           Power      Damage    Failure   Level
 Freeze                   Ice            100%       1d10      1%          1
 Ensorcelled Hibernation  Hex/Ice        100%       N/A       1%          2
 Searing Ray              Conj           78%        2d7       1%          2
 Sublimation of Blood     Necr           50%        N/A       1%          2
 Cigotuvi's Dreadful Rot  Necr/Pois/Air  54%        N/A       2%          2
 Vhi's Electric Charge    Tloc/Air       52%        N/A       4%          3
 Fulminant Prism          Conj/Hex       28%        3d14      4%          4
 Petrify                  Tmut/Erth      38%        N/A       4%          4
 Metabolic Englaciation   Hex/Ice        26%        N/A       17%         5
 Irradiate                Conj/Tmut      17%        3d17      19%         5
 Yara's Violent Unravell  Hex/Tmut       26%        3d11      19%         5
 Summon Ice Beast         Ice/Summ       23%        N/A       22%         4
 Death Channel            Necr           25%        N/A       24%         6
 Arcjolt                  Conj/Air       13%        1d23      36%         5
 Leda's Unmaking          Conj/Erth      21%        9d4       43%         6
 Starburst                Conj/Fire      20%        6d7       54%         6
 Plasma Beam              Fire/Air       14%        2x1d25    91%         6
 Enfeeble                 Hex            28%        N/A       98%         7
 Spellforged Servitor     Conj/Summ      13%        N/A       100%        7
 Summon Hydra             Summ           7%         N/A       100%        7
 Ignition                 Fire           20%        3d7       100%        8
 Maxwell's Capacitive Co  Air            7%         ∞         100%        8
 Polar Vortex             Ice            15%        12d2*     100%        9


Dungeon Overview and Level Annotations

Branches:
Dungeon (15/15)            Temple (1/1) D:6            Lair (5/5) D:11
 Shoals (4/4) Lair:3        Snake (4/4) Lair:2        Slime (0/5) Lair:4
    Orc (2/2) D:9             Elf (1/3) Orc:2        Vaults (0/5) D:13
 Depths (1/4) D:15         Bailey (visited)           IceCv (1/1)

Altars:
Ashenzari
Cheibriados
Dithmenos
Fedhas
Gozag
Hepliaklqana
Kikubaaqudgha
Makhleb
Nemelex Xobeh
Okawaru
Qazlal
Ru
Sif Muna
Trog
Uskayaw
Vehumet
Wu Jian
Xom
Yredelemnul

Shops:
D:4 ![   D:5 *   D:6 *   D:13 *   Orc:2 ==*(   Shoals:2 *   Snake:2 *(
Snake:3 !=

Annotations:
Lair:5 1 runed translucent door, Jaurgh's ghost, journeyman DsMo
Shoals:2 Polyphemus


Innate Abilities, Weirdness & Mutations

You have hooves in place of feet.
You have a moderately thin skeletal structure. (Dex +4, Stealth++)
Your demonic aura sometimes causes spilled blood to erupt in flames.
Spells you cast may paralyse adjacent enemies.
Your hexes are more powerful.
You possess an exceptional clarity of mind.
Your flesh is heat resistant. (rF+)


Message History

The wall freezes the polar bear but does no damage.
You closely miss the shard shrike. You kick the shard shrike!
The shard shrike is severely wounded.
The wall freezes the shard shrike but does no damage.
The shard shrike misses you.
The shard shrike completely resists.
The wall freezes the shard shrike but does no damage.
The shard shrike claws you. The shard shrike freezes you! You resist.
The rime drake resists.
The wall freezes the rime drake.
The polar bear is engulfed in blazing flames.
The polar bear resists.
The wall freezes the polar bear.
The polar bear goes berserk!
The rime drake resists.
The wall freezes the rime drake.
The shard shrike completely resists.
The wall freezes the shard shrike but does no damage.
The shard shrike claws you! The shard shrike freezes you! You resist.
* * * LOW HITPOINT WARNING * * *
You hear an angry hiss.
Unknown command.
Okay, then.
There are monsters nearby!
The frozen ramparts melt away as you move.
You howl as the wereblood boils in your veins!
The shard shrike barely misses you.
Casting: Frozen Ramparts (mildly dangerous; 2% risk of failure)
Confirm with . or Enter, or press ? or * to list all spells.
Aiming: Inner Flame (safe; 1% risk of failure)
Press: ? - help, Dir - move target, f - shard shrike
Aim: a shard shrike (black smoke, severely wounded, umbra, chance to affect: 59%)
You feel a surge of power!
The shard shrike resists with significant effort.
Malevolent energies surge around you. The shard shrike claws you!
* * * LOW HITPOINT WARNING * * *
The shard shrike freezes you! You resist.
* * * LOW HITPOINT WARNING * * *
You emit a cloud of dark smoke.
The shard shrike barely misses you.
You closely miss the shard shrike. Your kick misses the shard shrike.
The shard shrike is heavily wounded.
The shard shrike claws you!
* * * LOW HITPOINT WARNING * * *
The shard shrike freezes you! You resist.
You die...

#### ## ##≈≈##
#h##
#≈≈.§###uhp#
#≈###§#..bk#$}
≈≈≈
##b#..pk..#
pp≈≈###@#§h#
#..##≈ #§##k##
.. ## ##.#####
. ##Z#..##
#?*Z...#
#...##.##
#...##..#
##.####Z#
#####Z*#


You could see a shard shrike.

Vanquished Creatures
  Jorgrun (D:12)
  Frances (Shoals:1)
  4 nagarajas
  A frost giant (Shoals:1)
  Louise (Shoals:2)
  A dire elephant (Lair:5)
  Azrael (Orc:2)
  Snorg (D:14)
  A fire dragon (D:15)
  2 merfolk impalers (Shoals:4)
  Fannar (D:12)
  6 hydras
  2 salamander tyrants
  2 ice dragons
  2 ogre magi (Orc:2)
  2 ironbound frosthearts (IceCv)
  A merfolk aquamancer (Shoals:3)
  The ghost of wormstring the Grappler, a novice TrWr of Wu Jian (D:10)
  2 catoblepae
  A satyr (Shoals:2)
  8 anacondas
  An alligator snapping turtle (Shoals:2)
  4 centaur warriors
  A merfolk avatar (Shoals:4)
  Erica (D:8)
  4 dancing weapons
  9 boulder beetles
  18 two-headed ogres
  6 death yaks
  12 naga warriors
  The ghost of arthad the Fighter, a novice FoFi of Cheibriados (D:9)
  9 shock serpents
  13 naga sharpshooters
  6 skysharks
  Sonja (Lair:4)
  4 salamander mystics
  5 skeletal warriors
  An anaconda zombie (Snake:4)
  Lodul (D:10)
  3 naga ritualists (Snake:4)
  4 sea snakes
  2 lindwurms
  An orange crystal statue (IceCv)
  A deep elf zephyrmancer (Elf:1)
  4 harpies
  6 deep elf pyromancers
  An orc knight (D:15)
  4 ugly things
  A wolf spider (Lair:2)
  4 oklob plants
  4 mana vipers
  10 salamanders
  2 orc sorcerers
  8 manticores
  Maurice (D:12)
  6 fauns
  10 cyclopes
  A moth of wrath (shapeshifter) (D:15)
  3 elephants (Lair:4)
  2 spectral centaurs (D:9)
  3 guardian serpents
  3 merfolk sirens
  A centaur zombie (D:9)
  A shock serpent zombie (Snake:3)
  2 water nymphs (Shoals:2)
  28 black mambas
  10 naga magi
  2 torpor snails (Lair:5)
  Maggie (D:6)
  21 rime drakes
  A sea snake zombie (Shoals:2)
  10 cane toads
  3 unseen horrors
  Psyche (D:11)
  An efreet (D:14)
  A tengu conjurer (D:14)
  A troll (shapeshifter) (D:14)
  7 wind drakes
  8 komodo dragons
  5 trolls
  10 merfolk
  A hydra zombie (Lair:4)
  3 meliai (D:15)
  16 polar bears
  2 hornets
  21 blink frogs
  A human zombie (IceCv)
  Prince Ribbit (D:7)
  9 dream sheep
  5 slime creatures
  2 snapping turtles
  2 centaur simulacra (D:9)
  2 black mamba zombies
  8 water elementals
  34 yaks
  A jumping spider (Lair:2)
  A vampire (D:10)
  13 wyverns
  3 fire elementals (Orc:2)
  A shadow (D:12)
  9 wraiths
  6 basilisks
  4 steam dragons
  A redback (Lair:2)
  3 vampire mosquitoes
  2 wargs
  A two-headed ogre zombie (Orc:2)
  37 nagas
  2 merfolk zombies
  An acid dragon (D:13)
  A salamander zombie (Snake:4)
  2 hell hounds (Orc:2)
  16 water moccasins
  A swamp drake (D:11)
  A meliai simulacrum (D:9)
  17 orc warriors
  28 ogres
  8 wolves
  7 black bears
  10 centaurs
  A rime drake zombie (IceCv)
  9 kobold brigands
  15 bullfrogs
  4 scorpions
  3 gnoll sergeants
  A cyclops zombie (Shoals:1)
  4 killer bees
  2 polar bear zombies (IceCv)
  2 yak zombies (Lair:5)
  An electric eel (Lair:4)
  12 howler monkeys
  3 lava snakes
  5 orc priests
  6 hounds
  3 jellies
  2 sleepcaps (D:7)
  A gnoll bouda (D:7)
  Ijyb (D:4)
  4 iguanas
  14 orc wizards
  A naga zombie (Snake:4)
  5 ogre zombies (Orc:2)
  16 gnolls
  8 adders
  5 shadow imps
  An orc zombie (Orc:1)
  A worm (D:4)
  3 dart slugs
  41 orcs
  2 ball pythons (D:1)
  3 bats
  4 endoplasms
  4 giant cockroaches
  11 goblins
  12 hobgoblins
  8 jackals
  5 frilled lizards
  27 kobolds
  5 rats
875 creatures vanquished.

Vanquished Creatures (collateral kills)
  2 nagarajas
  Josephine (Shoals:1)
  A catoblepas (Lair:5)
  3 ogre magi
  A two-headed ogre (D:15)
  A merfolk aquamancer (Shoals:4)
  An anaconda (Snake:2)
  3 death yaks (Lair:1)
  2 naga warriors
  2 naga sharpshooters
  3 salamander mystics (Snake:4)
  2 skeletal warriors (D:15)
  A sea snake (Shoals:1)
  A naga ritualist (Snake:4)
  A lindwurm (Lair:5)
  An ugly thing zombie (IceCv)
  3 cyclopes (Shoals:1)
  A mana viper (Snake:1)
  2 shock serpent zombies
  2 ugly things (IceCv)
  A manticore (Lair:5)
  An oklob plant (Lair:4)
  3 salamanders
  A merfolk siren (Shoals:2)
  3 salamander zombies
  2 guardian serpents
  2 water nymphs
  3 black mambas
  4 naga magi
  A torpor snail (Lair:5)
  A cane toad (Lair:5)
  4 rime drakes
  2 polar bears
  4 merfolk
  A moth of wrath zombie (D:15)
  9 dream sheep
  3 blink frogs
  A snapping turtle (Shoals:2)
  2 slime creatures (D:14)
  3 water elementals
  2 black mamba zombies
  9 yaks (Lair:5)
  A wraith (Shoals:1)
  A fire elemental (Orc:2)
  A basilisk (Lair:4)
  15 nagas
  A two-headed ogre zombie (Orc:2)
  3 water moccasins
  2 black bears (Lair:1)
  A blink frog zombie (Lair:5)
  A manticore zombie (Lair:5)
  2 centaurs (D:13)
  11 ogres
  3 rime drake zombies (IceCv)
  2 hell hound zombies (Orc:2)
  A yak zombie (Lair:5)
  A wolf zombie (Lair:5)
  2 electric eels (Lair:4)
  3 lava snakes (Lair:4)
  8 naga zombies
  8 ogre zombies (Orc:2)
  A gnoll (D:12)
  7 orcs
  2 orc zombies
173 creatures vanquished.

Vanquished Creatures (others)
  A merfolk impaler (Shoals:4)
  A salamander mystic (Snake:4)
  An anaconda zombie (Snake:3)
  A naga ritualist (Snake:4)
  A cyclops (Shoals:1)
  A mana viper (Snake:4)
  A faun (Shoals:2)
  2 salamanders (Snake:4)
  A shock serpent zombie (Snake:4)
  2 merfolk sirens
  A cane toad (Lair:3)
  A rime drake (IceCv)
  A mana viper zombie (Snake:4)
  A wind drake (Shoals:3)
  2 merfolk (Shoals:4)
  A harpy zombie (Shoals:2)
  An ice dragon zombie (D:15)
  2 merfolk zombies (Shoals:4)
  3 black mamba zombies
  A water nymph zombie (Shoals:2)
  A naga (Snake:3)
  3 two-headed ogre zombies (Orc:2)
  A faun zombie (Shoals:2)
  A water moccasin (Lair:5)
  5 salamander zombies
  A skyshark zombie (Shoals:1)
  15 naga zombies
  4 elf zombies
  2 ogres (Orc:2)
  3 rime drake zombies (IceCv)
  4 cyclops zombies
  3 yak zombies (Lair:5)
  3 centaur zombies (D:13)
  An orc wizard (D:14)
  4 ogre zombies (Orc:2)
  2 orcs (D:14)
  2 gnoll zombies (D:12)
  14 orc zombies
  12 tentacles (Shoals:2)
107 creatures vanquished.

Grand Total: 1155 creatures vanquished

Notes
Turn   | Place    | Note
-------+----------+-------------------------------------------
     0 | D:1      | bobarctor the Demonspawn Monk began the quest for the Orb.
     0 | D:1      | Reached XP level 1. HP: 18/18 MP: 1/1
   165 | D:1      | Gained mutation: You have large cloven feet. [demonic
                  | ancestry]
   165 | D:1      | Reached XP level 2. HP: 13/24 MP: 2/2
   455 | D:1      | Reached XP level 3. HP: 27/29 MP: 3/3
  1377 | D:3      | Gained mutation: You have hoof-like feet. [demonic
                  | ancestry]
  1377 | D:3      | Reached XP level 4. HP: 36/36 MP: 5/5
  1546 | D:3      | Reached skill level 1 in Spellcasting
  1604 | D:3      | Identified the +7 scimitar "Diuggaes" {flame, *Noise rF++
                  | rC- rN+ Stlth+}
  2046 | D:4      | Noticed Ijyb
  2059 | D:4      | Killed Ijyb
  2060 | D:4      | Reached XP level 5. HP: 14/42 MP: 6/6
  2230 | D:4      | Found Voutac's Distillery.
  2358 | D:4      | Found Mutemas's Armour Emporium.
  2746 | D:4      | Learned a level 3 spell: Dazzling Flash
  2746 | D:4      | Upgraded the game from 0.31-a0-542-gdc2a67831c to
                  | 0.31-a0-590-g8a5a4361df
  3054 | D:5      | Entered Level 5 of the Dungeon
  3103 | D:5      | Gained mutation: You have a somewhat thin skeletal
                  | structure. (Dex +2, Stealth+) [demonic ancestry]
  3103 | D:5      | Reached XP level 6. HP: 42/48 MP: 8/8
  3252 | D:5      | Noticed a water moccasin
  3267 | D:5      | Killed a water moccasin
  3268 | D:5      | Reached skill level 1 in Shields
  3581 | D:4      | Reached skill level 5 in Maces & Flails
  3791 | D:5      | Gained mutation: You have hooves in place of feet. [demonic
                  | ancestry]
  3791 | D:5      | Reached XP level 7. HP: 17/55 MP: 10/10
  3797 | D:5      | Found a basalt altar of Yredelemnul.
  4094 | D:5      | Found Gececk's Assorted Antiques.
  4271 | D:6      | Found a staircase to the Ecumenical Temple.
  4281 | Temple   | Entered the Ecumenical Temple
  4300 | Temple   | Became a worshipper of Dithmenos the Shadowed
  4300 | Temple   | Reached * piety under Dithmenos
  4300 | Temple   | Reached ** piety under Dithmenos
  4320 | Temple   | Learned a level 3 spell: Volatile Blastmotes
  4407 | D:6      | Reached skill level 1 in Invocations
  4410 | D:6      | Found Cunog's Assorted Antiques.
  4419 | D:6      | Bought a blackened cameo amulet for 125 gold pieces
  4650 | D:6      | Reached skill level 2 in Invocations
  4658 | D:6      | Noticed Maggie
  4664 | D:6      | Killed Maggie
  4665 | D:6      | Reached skill level 5 in Fighting
  4665 | D:6      | Reached skill level 3 in Invocations
  4665 | D:6      | Gained mutation: Spells you cast may paralyse adjacent
                  | enemies. [demonic ancestry]
  4665 | D:6      | Reached XP level 8. HP: 37/62 MP: 7/13
  5180 | D:6      | Found a hide-covered altar of Uskayaw.
  5317 | D:7      | Noticed Prince Ribbit
  5594 | D:7      | Reached skill level 4 in Invocations
  5734 | D:7      | Killed Prince Ribbit
  5735 | D:7      | Reached skill level 5 in Dodging
  5980 | D:7      | Identified the +1 robe of the Realm of Zot {rF+ Str+2
                  | Int-2}
  6008 | D:7      | Noticed a two-headed ogre
  6023 | D:7      | Noticed a hornet
  6037 | D:7      | Killed a hornet
  6038 | D:7      | Gained mutation: Your demonic aura sometimes causes spilled
                  | blood to erupt in flames. [demonic ancestry]
  6038 | D:7      | Reached XP level 9. HP: 36/69 MP: 10/15
  6216 | D:7      | Reached skill level 5 in Invocations
  6535 | D:7      | Killed a two-headed ogre
  6536 | D:7      | Reached skill level 1 in Conjurations
  6536 | D:7      | Reached skill level 1 in Hexes
  6536 | D:7      | Reached skill level 1 in Translocations
  6536 | D:7      | Reached skill level 1 in Fire Magic
  6844 | D:7      | Reached skill level 6 in Invocations
  6847 | D:7      | Reached skill level 5 in Spellcasting
  6847 | D:7      | Reached skill level 1 in Necromancy
  7121 | D:8      | Noticed a deep elf pyromancer
  7128 | D:8      | Killed a deep elf pyromancer
  7129 | D:8      | Reached XP level 10. HP: 77/77 MP: 17/17
  7203 | D:8      | Reached *** piety under Dithmenos
  7358 | D:8      | Noticed Erica
  8013 | D:8      | Killed Erica
  8563 | D:9      | Noticed an eight-headed hydra
  8884 | D:9      | Noticed a two-headed ogre
  8890 | D:9      | Killed a two-headed ogre
  8953 | D:9      | Reached skill level 7 in Invocations
  9005 | D:9      | Found a staircase to the Orcish Mines.
  9029 | D:10     | Entered Level 10 of the Dungeon
  9082 | D:10     | Noticed a two-headed ogre
  9191 | D:10     | Killed a two-headed ogre
  9192 | D:10     | Reached XP level 11. HP: 51/84 MP: 9/19
  9209 | D:10     | Found a flagged portal.
  9239 | Bailey   | Entered a bailey
  9593 | Bailey   | Identified the +1 gold dragon scales of Faposs {Contam
                  | rElec rPois rF+ rC+ rN+ SInv}
  9712 | Bailey   | Found a burning altar of Makhleb.
  9901 | D:10     | Noticed Lodul
  9926 | D:10     | Killed Lodul
  9939 | D:10     | Reached **** piety under Dithmenos
 10084 | D:10     | Noticed a deep elf pyromancer
 10086 | D:10     | Found a runed translucent gate.
 10087 | D:10     | Found a runed translucent gate.
 10087 | D:10     | Noticed a skeletal warrior
 10088 | D:10     | Found a runed translucent gate.
 10092 | D:10     | Noticed wormstring's ghost (novice TrWr)
 11069 | D:4      | Bought the +2 cloak of Honour {rF+ Regen+ Str+3 Dex-2} for
                  | 428 gold pieces
 11191 | D:5      | Bought a glowing silver ring for 125 gold pieces
 11193 | D:5      | Bought an iron ring for 125 gold pieces
 11309 | Temple   | Gained mutation: You occasionally shout uncontrollably at
                  | your foes. [potion of mutation]
 11309 | Temple   | Gained mutation: You are agile. (Dex +4, Str/Int -1)
                  | [potion of mutation]
 11309 | Temple   | Gained mutation: Your mind is acute. (Int +4, Str/Dex -1)
                  | [potion of mutation]
 11334 | D:8      | Learned a level 2 spell: Wereblood
 11793 | D:9      | Found a runed translucent gate.
 11793 | D:9      | Found a runed translucent gate.
 11793 | D:9      | Found a runed translucent gate.
 11798 | D:9      | Noticed arthad's ghost (novice FoFi)
 11870 | D:9      | Noticed a deep elf pyromancer
 11875 | D:9      | Killed a deep elf pyromancer
 12238 | D:11     | Noticed Psyche
 12316 | D:11     | Killed Psyche
 12479 | D:11     | Learned a level 4 spell: Animate Dead
 12551 | D:11     | Found a staircase to the Lair.
 12567 | D:11     | Learned a level 3 spell: Ignite Poison
 12680 | D:11     | Reached skill level 1 in Armour
 12680 | D:11     | Reached skill level 8 in Invocations
 13594 | Lair:1   | Entered Level 1 of the Lair of Beasts
 13622 | Lair:1   | Reached XP level 12. HP: 94/94 MP: 21/21
 13703 | Lair:1   | Reached skill level 1 in Transmutations
 13742 | Lair:1   | Noticed a death yak
 13742 | Lair:1   | Noticed a death yak
 13742 | Lair:1   | Noticed a death yak
 13742 | Lair:1   | Noticed a death yak
 13742 | Lair:1   | Noticed a death yak
 13748 | Lair:1   | Noticed a death yak
 13765 | Lair:1   | Reached ***** piety under Dithmenos
 14215 | Lair:1   | Killed a death yak
 14218 | Lair:1   | Killed a death yak
 14219 | Lair:1   | Reached skill level 5 in Conjurations
 14225 | Lair:1   | Killed a death yak
 14227 | Lair:1   | Killed a death yak
 14228 | Lair:1   | Reached skill level 5 in Necromancy
 14231 | Lair:1   | Killed a death yak
 14233 | Lair:1   | Killed a death yak
 14234 | Lair:1   | Reached skill level 5 in Hexes
 14766 | Lair:2   | Noticed a boulder beetle
 14783 | Lair:2   | Killed a boulder beetle
 14899 | Lair:2   | Noticed an eight-headed hydra
 14908 | Lair:2   | Noticed an eight-headed hydra
 14913 | Lair:2   | Killed a six-headed hydra
 14914 | Lair:2   | Reached skill level 9 in Invocations
 14949 | Lair:2   | Killed a six-headed hydra
 15002 | Lair:2   | Found a staircase to the Snake Pit.
 15080 | Lair:2   | Found a runed translucent door.
 15109 | Lair:2   | Noticed a seven-headed hydra
 15116 | Lair:2   | Killed a five-headed hydra
 15227 | Lair:2   | Reached XP level 13. HP: 101/101 MP: 24/24
 15469 | Lair:2   | Identified a scroll of acquirement
 15469 | Lair:2   | Acquired a +1 demon whip of electrocution
 15575 | Lair:2   | Learned a level 4 spell: Sticky Flame
 15840 | Lair:2   | Found a runed translucent gate.
 15848 | Lair:2   | Found a runed translucent gate.
 15849 | Lair:2   | Found a runed translucent gate.
 15849 | Lair:2   | Found a runed translucent gate.
 15849 | Lair:2   | Found a runed translucent gate.
 15849 | Lair:2   | Identified the +3 whip of Pokh {speed, Str-5 Dex+9}
 15887 | Lair:2   | HP: 5/101 [jumping spider (16)]
 16107 | Lair:2   | Found a runed translucent gate.
 16448 | Lair:3   | Reached skill level 10 in Invocations
 16655 | Lair:3   | Found a staircase to the Shoals.
 16662 | Lair:3   | Learned a level 5 spell: Iskenderun's Battlesphere
 16901 | Lair:3   | Learned a level 3 spell: Frozen Ramparts
 16972 | Lair:3   | Lost mutation: You occasionally shout uncontrollably at
                  | your foes. [potion of mutation]
 16972 | Lair:3   | Lost mutation: Your mind is acute. (Int +4, Str/Dex -1)
                  | [potion of mutation]
 16972 | Lair:3   | Lost mutation: You are agile. (Dex +4, Str/Int -1) [potion
                  | of mutation]
 16972 | Lair:3   | Gained mutation: You have hidden genetic potential. [potion
                  | of mutation]
 16972 | Lair:3   | Gained mutation: Your spells are a little easier to cast,
                  | but a little less powerful. [potion of mutation]
 16972 | Lair:3   | Gained mutation: You expend magic power (3 MP) to
                  | strengthen your wands. [potion of mutation]
 17301 | Lair:4   | Noticed Sonja
 17307 | Lair:4   | Killed Sonja
 17545 | Lair:4   | Found a staircase to the Slime Pits.
 17573 | Lair:4   | Reached skill level 5 in Fire Magic
 17609 | Lair:4   | Reached skill level 10 in Fighting
 17826 | Lair:4   | Reached skill level 11 in Invocations
 18552 | Lair:5   | Entered Level 5 of the Lair of Beasts
 18581 | Lair:5   | Gained mutation: You have a moderately thin skeletal
                  | structure. (Dex +4, Stealth++) [demonic ancestry]
 18581 | Lair:5   | Reached XP level 14. HP: 110/110 MP: 13/26
 18762 | Lair:5   | Reached skill level 1 in Ice Magic
 18815 | Lair:5   | Identified the +11 mace of a Million Friars {heavy, Fly
                  | Str+3 Int+2 Dex+2}
 19241 | Lair:5   | Found a runed translucent door.
 19247 | Lair:5   | Noticed Jaurgh's ghost (journeyman DsMo)
 19309 | Lair:5   | Gained mutation: Your flesh is cold resistant. (rC+)
                  | [hidden potential]
 19403 | Lair:5   | Reached ****** piety under Dithmenos
 20095 | Lair:5   | Reached skill level 12 in Invocations
 21003 | D:10     | Reached skill level 10 in Spellcasting
 21358 | D:9      | Killed arthad's ghost
 21739 | D:4      | Bought a potion of might for 48 gold pieces
 21739 | D:4      | Bought a potion of curing for 36 gold pieces
 21739 | D:4      | Bought a potion of curing for 36 gold pieces
 21739 | D:4      | Bought a potion of curing for 36 gold pieces
 21739 | D:4      | Bought a potion of resistance for 120 gold pieces
 21739 | D:4      | Bought a potion of curing for 36 gold pieces
 21927 | D:9      | Reached skill level 1 in Stealth
 21994 | Orc:1    | Entered Level 1 of the Orcish Mines
 22325 | Orc:2    | Entered Level 2 of the Orcish Mines
 22337 | Orc:2    | Noticed Azrael
 22355 | Orc:2    | Killed Azrael
 22579 | Orc:2    | Reached skill level 10 in Maces & Flails
 22718 | Orc:2    | Reached skill level 10 in Dodging
 22718 | Orc:2    | Reached skill level 5 in Translocations
 22718 | Orc:2    | Reached XP level 15. HP: 117/117 MP: 12/29
 22746 | Orc:2    | Reached skill level 13 in Invocations
 22758 | Orc:2    | Found Qopeoq's Antique Weapon Shoppe.
 22758 | Orc:2    | Found Fairraz's General Store.
 22759 | Orc:2    | Found Merupterr's Jewellery Shop.
 22759 | Orc:2    | Found Ywko's Jewellery Emporium.
 22809 | Orc:2    | Gained mutation: Your muscles are strong. (Str +4, Int/Dex
                  | -1) [hidden potential]
 22809 | Orc:2    | Lost mutation: You have hidden genetic potential. [hidden
                  | potential expressed]
 22872 | Orc:2    | Bought an amulet of regeneration for 480 gold pieces
 22930 | Orc:2    | Found a staircase to the Elven Halls.
 23177 | Orc:1    | You are sucked into a shaft and drop 1 floor!
 23511 | Orc:2    | Bought the ring of Etepa {rElec rPois rC++ Int+3 Stlth+}
                  | for 909 gold pieces
 23625 | D:12     | Noticed Jorgrun
 23632 | D:12     | Killed Jorgrun
 23717 | D:12     | Got the Quarto of Firn
 23724 | D:12     | Learned a level 5 spell: Borgnjor's Vile Clutch
 23730 | D:12     | Noticed Maurice
 23732 | D:12     | Noticed Fannar
 23735 | D:12     | Killed Maurice
 23772 | D:13     | Learned a level 3 spell: Inner Flame
 23869 | D:13     | Reached skill level 1 in Earth Magic
 23899 | D:13     | Found Sabigh's Island Escapes.
 23907 | D:13     | Bought a scroll of blinking for 90 gold pieces
 24014 | D:13     | Lost mutation: Your spells are a little easier to cast, but
                  | a little less powerful. [potion of mutation]
 24014 | D:13     | Lost mutation: Your muscles are strong. (Str +4, Int/Dex
                  | -1) [potion of mutation]
 24014 | D:13     | Lost mutation: Your flesh is cold resistant. (rC+) [potion
                  | of mutation]
 24014 | D:13     | Gained mutation: Your flesh is heat resistant. (rF+)
                  | [potion of mutation]
 24014 | D:13     | Gained mutation: Your body sometimes deteriorates upon
                  | taking damage. [potion of mutation]
 24015 | D:13     | Lost mutation: You expend magic power (3 MP) to strengthen
                  | your wands. [potion of mutation]
 24015 | D:13     | Lost mutation: Your body sometimes deteriorates upon taking
                  | damage. [potion of mutation]
 24015 | D:13     | Gained mutation: You possess an exceptional clarity of
                  | mind. [potion of mutation]
 24117 | D:13     | Found a gate to the Vaults.
 24556 | D:14     | Noticed Snorg
 24571 | D:14     | Killed Snorg
 25265 | D:14     | Reached skill level 5 in Stealth
 25350 | D:15     | Entered Level 15 of the Dungeon
 25852 | D:15     | Reached skill level 14 in Invocations
 25879 | D:15     | Found a staircase to the Depths.
 26367 | D:15     | Reached XP level 16. HP: 110/125 MP: 24/31
 26582 | Depths:1 | Entered Level 1 of the Depths
 26721 | D:12     | Killed Fannar
 27143 | D:10     | Killed wormstring's ghost
 27403 | Snake:1  | Entered Level 1 of the Snake Pit
 28126 | Snake:1  | Identified the +6 great sword "Gozepp" {freeze, Will+
                  | Str+5}
 28896 | Shoals:1 | Entered Level 1 of the Shoals
 29306 | Shoals:1 | Noticed Josephine
 29328 | Shoals:1 | Killed Josephine
 29448 | Shoals:1 | Noticed Frances
 29459 | Shoals:1 | Killed Frances
 30198 | Orc:2    | Bought a ring of poison resistance for 300 gold pieces
 30211 | Elf:1    | Entered Level 1 of the Elven Halls
 30947 | Snake:2  | Found Panijiq's Weapon Emporium.
 30952 | Snake:2  | Found Ockenerph's Assorted Antiques.
 30959 | Snake:2  | Bought a pair of runed gloves for 165 gold pieces
 31917 | Snake:2  | Reached skill level 15 in Invocations
 31930 | Snake:2  | Reached skill level 5 in Earth Magic
 32331 | Snake:3  | Found Ystemnakez's Distillery.
 32341 | Snake:3  | Bought a potion of heal wounds for 70 gold pieces
 32344 | Snake:3  | Bought a potion of heal wounds for 70 gold pieces
 32356 | Snake:3  | Found Osant's One-of-a-Kind Rings.
 33299 | Snake:3  | Gained mutation: Your hexes are more powerful. [demonic
                  | ancestry]
 33299 | Snake:3  | Reached XP level 17. HP: 133/133 MP: 5/34
 33704 | Snake:4  | Entered Level 4 of the Snake Pit
 35973 | Snake:3  | Learned a level 4 spell: Anguish
 35975 | Snake:3  | Learned a level 1 spell: Magic Dart
 37190 | Snake:4  | Got a serpentine rune of Zot
 37707 | Shoals:2 | Found Laarynet's Assorted Antiques.
 38181 | Shoals:2 | Noticed a kraken
 38407 | Shoals:2 | Learned a level 4 spell: Dispel Undead
 38471 | Shoals:2 | Noticed Louise
 38488 | Shoals:2 | Killed Louise
 38489 | Shoals:2 | Noticed Polyphemus
 38860 | Shoals:2 | Found a stormy altar of Qazlal.
 39339 | Shoals:4 | Entered Level 4 of the Shoals
 39363 | Shoals:4 | Reached XP level 18. HP: 57/140 MP: 8/36
 39683 | Shoals:3 | Found a frozen archway.
 39687 | IceCv    | Entered an ice cave
 40193 | IceCv    | Noticed a shard shrike
 40413 | IceCv    | Slain by a shard shrike

Illustrated notes

Levels and vault maps discovered:
D:1:      dpeg_arrival_long_road, layout_basic, minmay_tree_intersection,
          minmay_cupped
D:2:      layout_rooms
D:3:      layout_rooms, grunt_ministairs_5
D:4:      wander_river, layout_loops_ring, serial_shops, shop,
          nicolae_inconvenience_store, uniq_ijyb
D:5:      layout_cave_pools, mainiacjoe_overflow_tiny_flanked, serial_shops,
          nicolae_shop_pleasant_corner_grove
D:6:      layout_basic, eat_drink_and_be_merry_uskayaw,
          minmay_temple_entry_statues_fountains, serial_shops, shop, uniq_maggie
D:7:      kennysheep_windowed_halls, layout_rooms, uniq_prince_ribbit1
D:8:      layout_loops_ring, centaur_isle, uniq_erica
D:9:      minmay_cornered_nines, layout_loops_ring,
          minmay_orc_entry_temple_small, gammafunk_ghost_necromancy
D:10:     layout_cave_pools, gammafunk_ghost_split, enter_bailey_5, uniq_lodul
D:11:     layout_grid_maze, erik_lair_dragon, uniq_psyche
D:12:     layout_cave_pools, chequers_serial_rivers_small_b, uniq_fannar,
          uniq_jorgrun, uniq_maurice
D:13:     layout_irregular_city, erik_vaults_1, amcnicky_mini_corridor_feature,
          nicolae_island_escapes
D:14:     layout_gridville, minmay_strange_pillars, uniq_snorg
D:15:     grunt_enter_depths_hoard, layout_layer_cave, lemuel_flamethrower_3
Temple:   nicolae_temple_bog_church
Lair:1:   beast_lair_carwin_large_3, layout_hall_layers
Lair:2:   gammafunk_indiana_jones, layout_regular_city,
          minmay_snake_entry_spellcaster, serial_bayou_shore_b
Lair:3:   layout_gridlike, elwin_shoals_entry_stream, lemuel_fruit_fields,
          grunt_megastairs_3
Lair:4:   layout_hall_layers, minmay_slime_entry_oklob_open,
          nicolae_lair_liquid_snakes, grunt_megastairs_2, uniq_sonja
Lair:5:   hangedman_lair_in_review, layout_regular_city,
          ebering_ghost_reflecting_pool, grunt_megastairs_1
Shoals:1: layout_shoals, st_cyclops, uniq_frances, uniq_josephine
Shoals:2: layout_shoals, serial_shops, shop, lemuel_centaur_altar,
          uniq_polyphemus, uniq_louise
Shoals:3: layout_shoals, portal_ice_cave_entry_pillars_2
Shoals:4: shoals_end_grunt_ice, layout_shoals, uniq_aizul
Snake:1:  layout_layer_cave, abandoned_shop
Snake:2:  layout_chambers, minmay_shop_star, lemuel_fruit_tree
Snake:3:  layout_cave_pods, serial_shops, nicolae_stop_n_shop_1, st_stairs_11,
          nicolae_shop_unique_rings, grunt_megastairs_5
Snake:4:  snake_pit, layout_grid_shapes, grunt_ministairs_1
Orc:1:    layout_caves, nicolae_orc_tapped_out
Orc:2:    st_orc_ogre_mass, layout_caves, statue_in_the_mist_lemuel,
          nicolae_orc_crystal_geode, uniq_azrael
Elf:1:    elf_arrival_001, layout_geoelf_diagonals,
          kennysheep_underground_church, nicolae_shop_i_like_big_books
Depths:1: layout_twisted_cross, hell_entry, nicolae_wooded_promenade,
          minmay_holes, minmay_alternating_orb
IceCv:    ice_cave_caverns_01

Skill      XL: |  1  2  3  4  5  6  7  8  9 10 11 12 13 14 15 16 17 18 |
---------------+-------------------------------------------------------+-----
Dodging        | 3 4 5 6 7 8 9 10 11 | 11.0
Maces & Flails | 3 4 5 6 7 9 10 11 12 | 12.0
Spellcasting   | 1 2 3 4 5 6 7 8 10 11 13 14 | 14.8
Fighting       | 4 5 6 7 8 9 10 11 12 | 12.0
Shields        | 1 2 |  2.2
Invocations    | 3 4 6 7 8 9 11 12 14 15 | 15.7
Conjurations   | 2 3 4 5 |  5.8
Hexes          | 2 3 4 5 |  5.9
Translocations | 1 3 4 5 |  5.0
Fire Magic     | 1 3 4 5 6 |  6.0
Necromancy     | 1 3 4 5 6 7 8 |  8.2
Armour         | 1 4 |  4.0
Transmutations | 1 2 3 |  3.6
Ice Magic      | 2 3 |  3.9
Stealth        | 1 5 7 8 9 |  9.0
Earth Magic    | 3 5 7 |  7.3

Action                     |  1- 3 |  4- 6 |  7- 9 | 10-12 | 13-15 | 16-18 || total
---------------------------+-------+-------+-------+-------+-------+-------++-------
  Melee: Mace              |   102 |   154 |     2 |       |   490 |   619 ||  1367
         Kick              |    19 |    56 |    48 |   158 |   413 |   281 ||   975
         Scimitar          |       |       |   155 |   427 |     6 |       ||   588
         Flail             |       |       |       |    50 |       |       ||    50
         Unarmed           |       |       |       |     1 |       |       ||     1
         Demon whip        |       |       |       |       |   244 |       ||   244
         Whip              |       |       |       |       |   152 |       ||   152
  Throw: Dart              |       |       |    17 |     7 |       |       ||    24
         Boomerang         |       |       |       |    10 |    15 |    51 ||    76
   Cast: Dazzling Flash    |       |       |       |     9 |     9 |     1 ||    19
         Wereblood         |       |       |       |     7 |    35 |    38 ||    80
         Volatile Blastmot |       |       |       |     3 |    15 |    10 ||    28
         Ignite Poison     |       |       |       |     1 |       |       ||     1
         Frozen Ramparts   |       |       |       |       |    34 |    50 ||    84
         Animate Dead      |       |       |       |       |    39 |    52 ||    91
         Iskenderun's Batt |       |       |       |       |     2 |    36 ||    38
         Borgnjor's Vile C |       |       |       |       |     1 |    27 ||    28
         Inner Flame       |       |       |       |       |       |    92 ||    92
         Magic Dart        |       |       |       |       |       |    39 ||    39
         Anguish           |       |       |       |       |       |     8 ||     8
 Invoke: Shadow Step       |       |       |       |       |    11 |     3 ||    14
    Use: Potion            |       |       |     3 |     4 |     7 |     6 ||    20
         Scroll            |       |       |       |    23 |     9 |     5 ||    37
   Stab: Sleeping          |       |       |     6 |    12 |    22 |    12 ||    52
         Distracted        |       |       |     1 |     3 |    20 |    20 ||    44
         Paralysed         |       |       |       |     7 |    28 |    12 ||    47
         Invisible         |       |       |       |     4 |       |       ||     4
         Confused          |       |       |       |     1 |       |       ||     1
         Petrified         |       |       |       |       |     3 |       ||     3
 Armour: Robe              |    23 |    12 |       |       |       |       ||    35
         Steam dragon scal |       |       |    19 |    16 |       |       ||    35
         Troll leather arm |       |       |       |   127 |   140 |   150 ||   417
  Dodge: Dodged            |    84 |   118 |   211 |   822 |  1074 |   899 ||  3208
  Block: Orb               |       |    42 |     4 |       |       |       ||    46
         Form:             |     1 |       |       |       |       |       ||     1
         Death             |     1 |       |       |       |       |       ||     1

Table legend: (Time is in decaauts)
 A = Elapsed time spent in this place.
 B = Non-inter-level travel time spent in this place.
 C = Inter-level travel time spent in this place.
 D = Time resting spent in this place.
 E = Time spent auto-exploring this place.
 F = Levels seen in this place.
 G = Mean time per level.
                   A        B        C        D        E       F      G
               +--------+--------+--------+--------+--------+-----+--------+
         Total |  41069 |  36581 |   4488 |   7405 |  19357 |  35 | 1173.4 |
       Dungeon |  18488 |  16097 |   2391 |   2828 |   8968 |  15 | 1232.5 |
        Temple |     67 |     57 |     10 |      0 |      0 |   1 |   67.0 |
          Lair |   8246 |   7149 |   1097 |    999 |   4214 |   5 | 1649.2 |
        Shoals |   2998 |   2921 |     77 |    961 |   1128 |   4 |  749.5 |
     Snake Pit |   7967 |   7440 |    527 |   1915 |   3813 |   4 | 1991.8 |
  Orcish Mines |   1743 |   1411 |    332 |      0 |   1059 |   2 |  871.5 |
   Elven Halls |    255 |    202 |     53 |     48 |     57 |   1 |  255.0 |
        Depths |     13 |     13 |      0 |      0 |      0 |   1 |   13.0 |
        Bailey |    543 |    543 |      0 |    253 |    101 |   1 |  543.0 |
      Ice Cave |    744 |    744 |      0 |    401 |     16 |   1 |  744.0 |
               +--------+--------+--------+--------+--------+-----+--------+

Top non-repeatable levels by time:
 Snake:4: 2637 daAuts
 Snake:3: 2581 daAuts
  Lair:5: 2015 daAuts
     D:7: 1873 daAuts
  Lair:1: 1863 daAuts
  Lair:2: 1843 daAuts
    D:11: 1820 daAuts
     D:9: 1766 daAuts
     D:4: 1749 daAuts
Shoals:2: 1661 daAuts
     D:6: 1660 daAuts
     D:8: 1631 daAuts
 Snake:1: 1419 daAuts
  Lair:4: 1336 daAuts
 Snake:2: 1328 daAuts
